Map: Iron Fortress LE (Void)

Players

Prosarian

  • Race: Protoss Protoss

AgCl - Winner!

  • Race: Protoss Protoss

VOD

Have the link to the VOD?

Description

Time

  • Played on: May 3, 2015, 6:49 a.m.
  • Length: 4:05
Show
View Real Time Build Order
Export as new Build Order

Prosarian Protoss 

Build Orders:  

Get SALT Encoding   

  12  0:08  Pylon  
  12  0:13  Probe  
  13  0:25  Probe  
  14  0:33  Gateway  
  14  0:37  Probe (Chrono Boost)  
  15  0:49  Probe (Chrono Boost)  
  17  0:57  Probe (Chrono Boost)  
  17  1:06  Probe (Chrono Boost)  
  18  1:15  Probe (Chrono Boost)  
  19  1:20  Pylon  
  19  1:23  Cybernetics Core  
  19  1:24  Probe  
  20  1:36  Probe  
  21  1:46  Nexus, Assimilator  
  21  1:50  Assimilator  
  21  1:55  Probe  
  22  2:05  Zealot  
  24  2:34  Probe  
  25  2:38  Pylon  
  25  2:46  Probe  
  25  2:58  Probe  
  23  3:13  Probe  
  23  3:16  Probe  
  25  3:25  Probe  
  26  3:28  Probe  
  26  3:32  Pylon  
  27  3:37  Probe  
  27  3:40  Probe  
  29  3:44  Twilight Council  
  29  3:49  Probe  
  29  3:52  Probe  
Show
View Real Time Build Order
Export as new Build Order

AgCl Protoss - Winner!

Build Orders: Oracle Opening, Oracle Opening 

Get SALT Encoding   

  12  0:03  Probe  
  13  0:20  Pylon  
  14  0:22  Assimilator  
  14  0:23  Probe  
  14  0:38  Probe  
  15  0:50  Probe (Chrono Boost), Gateway  
  16  1:02  Probe (Chrono Boost)  
  17  1:10  Probe (Chrono Boost)  
  18  1:16  Pylon  
  18  1:19  Probe (Chrono Boost)  
  19  1:31  Probe (Chrono Boost)  
  20  1:38  Probe (Chrono Boost)  
  21  1:40  Cybernetics Core, Zealot (Chrono Boost)  
  23  1:47  Assimilator  
  23  1:48  Probe  
  24  2:00  Probe  
  25  2:12  Probe  
  26  2:16  Warp Gate (Chrono Boost)  
  26  2:20  Stargate  
  26  2:23  Gateway  
  26  2:24  Probe, Pylon  
  29  2:37  Mothership Core  
  29  2:58  Pylon  
  29  3:07  Oracle (Chrono Boost)  
  30  3:25  Nexus  
  30  3:31  Twilight Council, Probe  
  30  3:33  Gateway  
Tags
 
Add a new tag
Caveats
  • Supply blocks, unpowered buildings, or Contaminate may cause inaccurate times.
  • Supply counts are checked every 10 seconds.